 Dungeon Crawl Stone Soup version 0.31.0-32-g396128a36d (webtiles) character file.

Game seed: 526061387164475263

94966 Jinxx the Skirmisher (level 15, -10/110 HPs)
             Began as a Demonspawn Ice Elementalist on Apr 5, 2024.
             Was the Champion of Qazlal.
             Killed from afar by an acid blob (14 damage)
             ... with a splash of acid
             ... on level 3 of the Pits of Slime.
             The game lasted 01:59:30 (15412 turns).

Jinxx the Skirmisher (Demonspawn Ice Elementalist) Turns: 15412, Time: 01:59:31

Health: -10/110    AC: 17    Str: 15    XL:     15   Next: 65%
Magic:  15/38      EV: 19    Int: 22    God:    Qazlal [******]
Gold:   597        SH: 18    Dex: 27    Spells: 13/34 levels left

rFire   . . .        y - +10 shortbow of the Maze {drain, Str+6}
rCold   . . .        (shield currently unavailable)
rNeg    . . .        M - +2 robe "Fuodd" {Regen+ MP+9 Dex+3}
rPois   .            S - +2 helmet
rElec   .            (cloak unavailable)
rCorr   .            B - +0 pair of gloves
SInv    .            X - +0 pair of boots
Will    ++...        G - amulet of magic regeneration
Stlth   +            h - +6 ring of dexterity
HPRegen 0.00/turn    t - +6 ring of dexterity
MPRegen 0.66/turn

%: repel missiles
@: protected from physical damage, corroded, enlightened, flying, inhibited
regen
A: large bone plates 2, demonic guardian 1, icemail 2, condensation shield,
weakness stinger 3, clumsy 1, screaming 1, inhibited regeneration, inability to
drink after injury 1
a: Renounce Religion, Upheaval, Elemental Force, Disaster Area


You were on level 3 of the Pits of Slime.
You worshipped Qazlal.
Qazlal was exalted by your worship.
You visited 6 branches of the dungeon, and saw 21 of its levels.

You collected 960 gold pieces.
You spent 363 gold pieces at shops.

Inventory:

Hand Weapons
 y - the +10 shortbow of the Maze (weapon) {drain, Str+6}
   (You found it on level 3 of the Dungeon)

   Str+6:     It affects your strength (+6).
 V - a +4 scimitar of flaming
Missiles
 p - 3 throwing nets
 J - 2 curare-tipped darts
Armour
 u - the +0 cloak of Miracles {Slay+5}
   (You found it on level 3 of the Dungeon)

   Slay+5:    It affects your accuracy & damage with ranged weapons and melee
   (+5).
 B - a +0 pair of gloves (worn)
 M - the +2 robe "Fuodd" (worn) {Regen+ MP+9 Dex+3}
   (You found it on level 7 of the Dungeon)

   Dex+3:     It affects your dexterity (+3).
   MP+9:      It affects your magic capacity (+9).
   Regen+:    It increases your rate of health regeneration.
 S - a +2 helmet (worn)
 X - a +0 pair of boots (worn)
Jewellery
 b - a ring of protection from cold
 h - a +6 ring of dexterity (left hand)
 j - a ring of resist corrosion
 s - a ring of magical power
 t - a +6 ring of dexterity (right hand)
 A - a ring of poison resistance
 F - a +6 ring of intelligence
 G - an amulet of magic regeneration (around neck)
 U - a ring of flight
Wands
 g - a wand of flame (37)
 C - a wand of mindburst (9)
 H - a wand of charming (14)
 L - a wand of roots (11)
Scrolls
 e - 3 scrolls of amnesia
 k - a scroll of teleportation
 m - 2 scrolls of fog
 n - 4 scrolls of poison
 q - 2 scrolls of blinking {unknown}
 r - 8 scrolls of noise
 E - 3 scrolls of immolation
 K - 4 scrolls of enchant armour
 Q - 4 scrolls of butterflies
 R - 3 scrolls of enchant weapon
 W - 4 scrolls of vulnerability
Potions
 a - a potion of degeneration {unknown}
 c - 2 potions of might
 d - a potion of haste {unknown}
 f - a potion of enlightenment
 l - 2 potions of berserk rage
 v - a potion of invisibility {unknown}
 w - a potion of heal wounds
 x - 5 potions of lignification
 z - a potion of ambrosia {unknown}
 D - a potion of cancellation {unknown}
 I - 4 potions of attraction
 O - a potion of mutation {unknown}
 T - a potion of brilliance
Miscellaneous
 i - a phantom mirror
 o - a phial of floods


   Skills:
 * Level 7.9 Fighting
 - Level 2.2 Short Blades
 * Level 12.9 Ranged Weapons
 * Level 7.2 Armour
 * Level 7.8 Dodging
 + Level 3.4 Stealth
 + Level 2.8 Shields
 * Level 10.4 Spellcasting
 * Level 7.4 Conjurations
 * Level 6.5 Summonings
 * Level 10.5 Ice Magic
 * Level 6.8 Air Magic
 + Level 0.9 Alchemy
 * Level 7.0 Invocations
 * Level 0.4 Evocations


You had 13 spell levels left.
You knew the following spells:

 Your Spells              Type           Power      Damage    Failure   Level
a - Freeze                Ice            100%       1d10      1%          1
b - Frozen Ramparts       Ice            100%       1d16      1%          3
c - Ozocubu's Armour      Ice            55%        N/A       1%          3
d - Freezing Cloud        Conj/Ice/Air   23%        6-21      5%          5
e - Summon Lightning Spi  Summ/Air       40%        N/A       3%          4
f - Mephitic Cloud        Conj/Alch/Air  33%        N/A       2%          3
g - Mercury Vapours       Alch/Air       56%        N/A       1%          2

Your spell library contained the following spells:

 Spells                   Type           Power      Damage    Failure   Level
 Sting                    Conj/Alch      100%       1d9       1%          1
 Summon Small Mammal      Summ           100%       N/A       1%          1
 Static Discharge         Conj/Air       84%        3-7/arc   1%          2
 Call Canine Familiar     Summ           40%        N/A       1%          3
 Summon Ice Beast         Ice/Summ       49%        N/A       1%          3
 Airstrike                Air            20%        2d(3-19)  3%          4
 Apportation              Tloc           22%        N/A       6%          1
 Necrotise                Necr           44%        1d6       6%          1
 Jinxbite                 Hex            22%        N/A       9%          2
 Animate Armour           Summ/Erth      50%        N/A       16%         4
 Summon Blazeheart Golem  Fire/Summ      25%        N/A       16%         4
 Inner Flame              Hex/Fire       11%        N/A       17%         3
 Irradiate                Conj/Alch      14%        3d16      28%         5
 Alistair's Intoxication  Alch           10%        N/A       73%         5
 Lee's Rapid Deconstruct  Erth           5%         3d6*      85%         5
 Ignition                 Fire           5%         3d4       100%        8


Dungeon Overview and Level Annotations

Branches:
Dungeon (9/15)             Temple (1/1) D:4            Lair (5/5) D:9
 Shoals (2/4) Lair:2       Spider (1/4) Lair:2        Slime (2/5) Lair:5
    Orc: D:9-12

Altars:
Ashenzari
Cheibriados
Dithmenos
Fedhas
Gozag
Hepliaklqana
Kikubaaqudgha
Makhleb
Nemelex Xobeh
Okawaru
Qazlal
Ru
Sif Muna
Trog
Uskayaw
Vehumet
Wu Jian
Xom
Yredelemnul

Shops:
D:5 [*   D:8 *   D:9 !


Innate Abilities, Weirdness & Mutations

You are mostly covered in large bone plates. (SH +6)
A weak demonic guardian rushes to your aid.
A meltable icy envelope protects you from harm. (AC +8)
A meltable shield of frost defends you. (SH +4)
You have a sharp stinger which inflicts weakening toxins.
You are clumsy. (Dex -2)
You occasionally shout uncontrollably at your foes.
You do not regenerate when monsters are visible.
You occasionally lose the ability to drink potions when taking damage.


Message History

You block the quicksilver ooze's attack.
The quicksilver ooze completely misses you.
The quicksilver ooze hits you. The quicksilver ooze engulfs you!
You block the quicksilver ooze's attack.
The quicksilver ooze barely misses you. The quicksilver ooze hits you.
You feel your power leaking away. The ooze engulfing you falls away.
You gasp with relief as air once again reaches your lungs.
The shining eye gazes at you.
Strange energies course through your body.
You feel clumsy. The quicksilver ooze hits you!
* * * LOW HITPOINT WARNING * * *
The quicksilver ooze misses you. The shining eye gazes at you.
Strange energies course through your body.
Your regeneration stops near monsters.
Your magical contamination has completely faded away.
An acid blob comes into view.
The quicksilver ooze barely misses you.
You block the quicksilver ooze's attack.
The shining eye gazes at you.
Strange energies course through your body.
You occasionally lose the ability to drink potions when taking damage.
An acid blob comes into view.
The acid blob spits acid at you. The splash of acid hits you!!
* * * LOW HITPOINT WARNING * * *
A demonic guardian appears!
The acid corrodes you! The acid blob spits acid at you.
The splash of acid misses you.
You block the quicksilver ooze's attack.
The quicksilver ooze barely misses you. The shining eye gazes at you.
Strange energies course through your body.
You feel the urge to shout.
There is a stone staircase leading down here.
The acid blob spits acid at you. The splash of acid hits you!
You die...

..................
...................
..................#
.J.....#.....##....
#.#....J.....G#....
......§§○.J........
......#J......#....
......○J§4........
..J..○.@..........
......§..°####...
......#..## #..
########## ##


You could see 2 acid blobs, 3 rockslimes, a shining eye, a quicksilver ooze
(ally target) and a friendly hellwing (summoned).

Vanquished Creatures
  Rupert (Lair:5)
  Frances (Shoals:1)
  Polyphemus (Shoals:2)
  Gastronok (Lair:2)
  A ghost moth (Lair:2)
  A dire elephant (Lair:5)
  A merfolk impaler (Shoals:2)
  Fannar (Lair:1)
  Erica (D:9)
  2 catoblepae
  2 merfolk avatars
  An alligator snapping turtle (Shoals:1)
  2 boulder beetles
  3 two-headed ogres
  A deep troll shaman (Lair:5)
  18 death yaks
  A tengu warrior (Shoals:1)
  Urug (Lair:1)
  7 skysharks
  Amaemon (Lair:1)
  5 sea snakes
  Pikel (D:7)
  4 harpies (Shoals:2)
  5 fauns (Shoals:1)
  3 manticores
  A cyclops (Shoals:1)
  Joseph (D:9)
  2 merfolk sirens
  13 cane toads
  8 elephants
  9 black mambas
  An orange demon (Lair:1)
  5 rime drakes
  3 komodo dragons
  A tengu conjurer (Shoals:1)
  8 merfolk
  3 polar bears
  21 blink frogs
  A wind drake (Shoals:1)
  3 hornets
  20 slime creatures
  7 snapping turtles
  15 dream sheep
  A culicivora (Lair:2)
  A water elemental (Shoals:1)
  Eustachio (D:5)
  51 yaks
  4 humans (Lair:4)
  3 wyverns
  Grum (Lair:1)
  2 redbacks (Lair:2)
  4 basilisks
  13 water moccasins
  An acid dragon (D:9)
  2 orc warriors
  A sky beast (D:8)
  2 ice beasts
  6 black bears
  2 ogres (D:6)
  34 wolves
  4 boggarts (Lair:2)
  10 centaurs
  2 lemures (D:7)
  A phantom (D:5)
  2 kobold brigands
  14 bullfrogs
  A gnoll sergeant (D:9)
  2 scorpions (D:6)
  21 wights
  5 electric eels
  A bombardier beetle (D:3)
  4 hounds
  3 jellies
  4 orc priests
  3 iguanas
  2 sleepcaps (D:5)
  10 orc wizards
  3 gnolls (D:9)
  4 adders
  3 shadow imps
  2 white imps
  A dart slug (D:2)
  A ribbon worm (D:5)
  26 orcs
  6 endoplasms
  6 giant cockroaches
  7 goblins
  8 hobgoblins
  3 jackals (D:1)
  10 kobolds
  A quokka (D:3)
  8 ball pythons
  3 bats
  4 frilled lizards
  7 rats
509 creatures vanquished.

Vanquished Creatures (collateral kills)
  A quicksilver ooze (Slime:1)
  A merfolk avatar (Shoals:2)
  5 death yaks
  A demonic crawler (Lair:2)
  A sea snake (Shoals:1)
  A skyshark (Shoals:1)
  2 fauns (Shoals:1)
  2 elephants (Lair:5)
  An eye of devastation (Slime:1)
  2 merfolk (Shoals:1)
  A blink frog (Lair:4)
  4 dream sheep
  5 slime creatures
  6 yaks
  A wolf (Lair:4)
34 creatures vanquished.

Grand Total: 543 creatures vanquished

Notes
Turn   | Place    | Note
-------+----------+-------------------------------------------
     0 | D:1      | Jinxx the Demonspawn Ice Elementalist began the quest for
                  | the Orb.
     0 | D:1      | Reached XP level 1. HP: 13/13 MP: 3/3
   251 | D:1      | Gained mutation: You have a small tail. [demonic ancestry]
   251 | D:1      | Reached XP level 2. HP: 19/19 MP: 3/5
  1234 | D:2      | Gained mutation: You have a tail ending in a sharp stinger.
                  | [demonic ancestry]
  1234 | D:2      | Reached XP level 3. HP: 24/24 MP: 6/6
  1238 | D:2      | Learned a level 3 spell: Frozen Ramparts
  1728 | D:3      | Reached XP level 4. HP: 31/31 MP: 1/7
  1734 | D:3      | Learned a level 3 spell: Ozocubu's Armour
  1815 | D:3      | Identified the +0 robe "Gaalicviero" {rC+ Archmagi}
  1875 | D:3      | Identified the +0 cloak of Miracles {Slay+5}
  1969 | D:3      | Reached skill level 1 in Short Blades
  1969 | D:3      | Reached skill level 1 in Armour
  2064 | D:3      | Reached skill level 1 in Fighting
  2266 | D:3      | Gained mutation: A meltable shield of frost defends you.
                  | (SH +4) [demonic ancestry]
  2266 | D:3      | Reached XP level 5. HP: 37/37 MP: 9/9
  2279 | D:3      | Found a faded altar of an unknown god.
  2291 | D:3      | Identified the +10 shortbow of the Maze {drain, Str+6}
  2445 | D:4      | Reached skill level 1 in Ranged Weapons
  2625 | D:4      | Found a staircase to the Ecumenical Temple.
  2640 | Temple   | Entered the Ecumenical Temple
  2678 | Temple   | Became a worshipper of Qazlal Stormbringer
  2725 | D:4      | Noticed a black bear
  2727 | D:4      | Killed a black bear
  2728 | D:4      | Reached skill level 2 in Ranged Weapons
  2728 | D:4      | Reached XP level 6. HP: 43/43 MP: 10/10
  3238 | D:5      | Entered Level 5 of the Dungeon
  3288 | D:5      | Noticed an ice beast
  3293 | D:5      | Killed an ice beast
  3377 | D:5      | Found Vaschoumi's General Store.
  3414 | D:5      | Found Zyuridgh's Antique Armour Boutique.
  3422 | D:5      | Reached skill level 3 in Ranged Weapons
  3422 | D:5      | Gained mutation: A meltable icy envelope protects you from
                  | harm. (AC +8) [demonic ancestry]
  3422 | D:5      | Reached XP level 7. HP: 48/48 MP: 11/11
  3435 | D:5      | Noticed Eustachio
  3441 | D:5      | Killed Eustachio
  3756 | D:5      | Reached skill level 4 in Ranged Weapons
  4369 | D:6      | Reached XP level 8. HP: 56/56 MP: 5/12
  4375 | D:6      | Learned a level 5 spell: Freezing Cloud
  4467 | D:6      | Reached skill level 5 in Ranged Weapons
  4565 | D:6      | Reached skill level 1 in Conjurations
  4565 | D:6      | Reached skill level 5 in Ice Magic
  4689 | D:6      | Reached skill level 1 in Air Magic
  4690 | D:6      | Reached * piety under Qazlal
  4795 | D:6      | Reached skill level 6 in Ranged Weapons
  4995 | D:6      | Gained mutation: You have a sharp stinger which inflicts
                  | weakening toxins. [demonic ancestry]
  4995 | D:6      | Reached XP level 9. HP: 62/62 MP: 11/14
  5196 | D:5      | Bought a scroll of identify for 30 gold pieces
  5196 | D:5      | Bought a scroll of identify for 30 gold pieces
  5196 | D:5      | Bought a scroll of enchant armour for 112 gold pieces
  5196 | D:5      | Bought a scroll of identify for 30 gold pieces
  5496 | D:7      | Reached ** piety under Qazlal
  5505 | D:7      | Noticed Pikel
  5513 | D:7      | Killed Pikel
  5590 | D:7      | Reached skill level 7 in Ranged Weapons
  5699 | D:7      | Identified the +2 robe "Fuodd" {Regen+ MP+9 Dex+3}
  6180 | D:8      | Reached XP level 10. HP: 70/70 MP: 17/17
  6247 | D:8      | Found Yfufocva's Serpentskin Sales.
  6261 | D:8      | Bought a scroll of poison for 56 gold pieces
  6264 | D:8      | Noticed a two-headed ogre
  6276 | D:8      | Killed a two-headed ogre
  6277 | D:8      | Reached skill level 8 in Ranged Weapons
  6277 | D:8      | Reached skill level 5 in Spellcasting
  6556 | D:8      | Noticed a two-headed ogre
  6569 | D:8      | Killed a two-headed ogre
  6887 | D:9      | Noticed a two-headed ogre
  6894 | D:9      | Killed a two-headed ogre
  6894 | D:9      | Reached *** piety under Qazlal
  7023 | D:9      | Found Miryrex's Distillery.
  7032 | D:9      | Bought a potion of curing for 45 gold pieces
  7032 | D:9      | Bought a potion of brilliance for 60 gold pieces
  7084 | D:9      | Found a blossoming altar of Fedhas.
  7084 | D:9      | Found a shadowy altar of Dithmenos.
  7101 | D:9      | Found a staircase to the Lair.
  7186 | D:9      | Found a snail-covered altar of Cheibriados.
  7200 | D:9      | Reached skill level 5 in Dodging
  7235 | D:9      | Noticed Erica
  7253 | D:9      | Killed Erica
  7254 | D:9      | Reached XP level 11. HP: 64/78 MP: 19/19
  7266 | D:9      | Learned a level 4 spell: Summon Lightning Spire
  7626 | Lair:1   | Entered Level 1 of the Lair of Beasts
  7626 | Lair:1   | Noticed Joseph
  7631 | D:9      | Killed Joseph
  7632 | D:9      | Reached skill level 9 in Ranged Weapons
  7716 | Lair:1   | Noticed Fannar
  7730 | Lair:1   | Reached skill level 1 in Summonings
  7739 | Lair:1   | Killed Fannar
  7917 | Lair:1   | Noticed Amaemon
  7927 | Lair:1   | Killed Amaemon
  7927 | Lair:1   | Reached **** piety under Qazlal
  8125 | Lair:1   | Reached skill level 10 in Ranged Weapons
  8265 | Lair:1   | Noticed Urug
  8273 | Lair:1   | Reached skill level 5 in Fighting
  8273 | Lair:1   | Gained mutation: A meltable icy envelope protects you from
                  | harm. (AC +8) [demonic ancestry]
  8273 | Lair:1   | Reached XP level 12. HP: 79/86 MP: 21/21
  8292 | Lair:1   | Killed Urug
  8423 | Lair:1   | Noticed Grum
  8430 | Lair:1   | Reached skill level 5 in Conjurations
  8438 | Lair:1   | Killed Grum
  8680 | Lair:2   | Reached skill level 1 in Shields
  8775 | Lair:2   | Reached skill level 5 in Armour
  8815 | Lair:2   | Reached skill level 1 in Invocations
  8836 | Lair:2   | Reached ***** piety under Qazlal
  8844 | Lair:2   | Noticed Gastronok
  8860 | Lair:2   | Killed Gastronok
  9055 | Lair:2   | Found a staircase to the Shoals.
  9079 | Lair:2   | Reached skill level 5 in Air Magic
  9130 | Lair:2   | Noticed a six-headed hydra
  9190 | Lair:2   | Identified the +1 robe "Fosad" {rN+ Int+2}
  9206 | Lair:2   | Found a hole to the Spider Nest.
 10123 | Shoals:1 | Entered Level 1 of the Shoals
 10131 | Shoals:1 | Reached skill level 11 in Ranged Weapons
 10235 | Shoals:1 | Noticed Frances
 10261 | Shoals:1 | Gained mutation: A weak demonic guardian rushes to your
                  | aid. [demonic ancestry]
 10261 | Shoals:1 | Reached XP level 13. HP: 53/93 MP: 21/24
 10263 | Shoals:1 | Killed Frances
 10372 | Shoals:1 | Found an opulent altar of Gozag.
 11419 | Shoals:2 | Noticed a merfolk impaler
 11431 | Shoals:2 | Noticed Polyphemus
 11436 | Shoals:2 | Killed a merfolk impaler
 11440 | Shoals:2 | Reached skill level 5 in Summonings
 11442 | Shoals:2 | Gained mutation: You are partially covered in large bone
                  | plates. (SH +4) [demonic ancestry]
 11442 | Shoals:2 | Reached XP level 14. HP: 43/101 MP: 2/26
 11451 | Shoals:2 | Killed Polyphemus
 11452 | Shoals:2 | Reached skill level 5 in Invocations
 11612 | Spider:1 | Entered Level 1 of the Spider Nest
 11639 | Lair:2   | Killed a ghost moth
 11792 | Lair:3   | Reached skill level 12 in Ranged Weapons
 11924 | Lair:3   | Learned a level 3 spell: Mephitic Cloud
 12004 | Lair:3   | Reached ****** piety under Qazlal
 12032 | Lair:3   | Paralysed by a hornet for 1 turns
 12591 | Lair:4   | Found a sparkling altar of Nemelex Xobeh.
 12980 | Lair:4   | Reached skill level 10 in Ice Magic
 13643 | Lair:5   | Entered Level 5 of the Lair of Beasts
 13678 | Lair:5   | Gained mutation: You are mostly covered in large bone
                  | plates. (SH +6) [demonic ancestry]
 13678 | Lair:5   | Reached XP level 15. HP: 70/108 MP: 11/28
 13941 | Lair:5   | Noticed Rupert
 13941 | Lair:5   | Paralysed by Rupert for 5 turns
 13975 | Lair:5   | Killed Rupert
 14144 | Lair:5   | Reached skill level 10 in Spellcasting
 14151 | Lair:5   | Learned a level 2 spell: Mercury Vapours
 14301 | Lair:5   | Found a staircase to the Slime Pits.
 14925 | Lair:5   | Identified the +1 war axe "Xocu" {flame, Str-5 Dex+3 SInv
                  | Stlth+}
 15024 | Slime:1  | Entered Level 1 of the Pits of Slime
 15238 | Slime:2  | Noticed a rockslime
 15402 | Slime:2  | You are sucked into a shaft and drop 1 floor!
 15402 | Slime:3  | Noticed a rockslime
 15402 | Slime:3  | Noticed a rockslime
 15403 | Slime:3  | Noticed a rockslime
 15407 | Slime:3  | Gained mutation: You are clumsy. (Dex -2) [a shining eye]
 15408 | Slime:3  | Gained mutation: You do not regenerate when monsters are
                  | visible. [a shining eye]
 15409 | Slime:3  | Noticed an acid blob
 15409 | Slime:3  | Gained mutation: You occasionally lose the ability to drink
                  | potions when taking damage. [a shining eye]
 15410 | Slime:3  | Noticed an acid blob
 15410 | Slime:3  | HP: 4/110 [acid blob/splash of acid (29)]
 15411 | Slime:3  | Gained mutation: You occasionally shout uncontrollably at
                  | your foes. [a shining eye]
 15412 | Slime:3  | Killed from afar by an acid blob

Illustrated notes

Levels and vault maps discovered:
D:1:      dpeg_arrival_round_c, layout_basic
D:2:      layout_loops_ring, minmay_tetromino_s4
D:3:      layout_loops_cross, shapermc_ecumenical_altar_ellora, st_stairs_8,
          nicolae_the_louvre
D:4:      layout_loops_ring, minmay_temple_entry_mini_moons,
          minmay_misc_feat_four_crosses
D:5:      layout_layer_cave, serial_shops, nicolae_take_the_stairs, shop,
          uniq_eustachio
D:6:      minmay_general_purpose_star, layout_rooms, minmay_checkerbox
D:7:      layout_basic, uniq_pikel
D:8:      layout_gridville, minivault_21, guppyfry_shop_venom
D:9:      layout_long_grid, nicolae_overflow_quartered_altars, lair_entry_dummy,
          serial_shops, nicolae_shop_industrial_runoff, uniq_erica
Temple:   regret_index_temple_chain_breaker
Lair:1:   layout_long_grid, uniq_joseph, uniq_grum, uniq_urug, uniq_amaemon,
          uniq_fannar
Lair:2:   layout_cellular_growth, elwin_shoals_entry_rooms,
          spider_nest_entry_rubble, gauntlet_entry_generic, st_stairs_7,
          kilobyte_rumbling_trees, uniq_gastronok
Lair:3:   layout_hall_layers, serial_bayou_lagoon_a
Lair:4:   slaughterhouse, layout_regular_city, lemuel_centaur_altar
Lair:5:   grunt_lair_end_beastmaster, layout_long_grid, slime_entry_1,
          st_stairs_10, grunt_megastairs_1, serial_bayou_shore_a,
          serial_bayou_shore_b, lemuel_fruit_fields, uniq_rupert
Shoals:1: layout_shoals, lemuel_altar_in_water, kb_tengu_band, uniq_frances
Shoals:2: layout_shoals, uniq_polyphemus
Spider:1: layout_spider_delve, nicolae_spider_webs_and_nodes,
          nicolae_spider_solar_radiation
Slime:1:  layout_caves
Slime:2:  layout_caves
Slime:3:  layout_caves

Skill      XL: |  1  2  3  4  5  6  7  8  9 10 11 12 13 14 15 |
---------------+----------------------------------------------+-----
Ice Magic      | 4 5 6 7 8 9 10 | 10.5
Stealth        | 2 3 |  3.4
Dodging        | 2 3 4 5 6 7 |  7.8
Short Blades   | 1 2 |  2.2
Armour         | 1 2 3 4 5 6 7 |  7.2
Fighting       | 1 2 3 4 5 6 7 |  7.9
Ranged Weapons | 2 3 4 6 7 8 10 11 12 | 12.9
Spellcasting   | 3 4 5 6 7 8 9 10 | 10.4
Conjurations   | 1 2 3 4 5 6 7 |  7.4
Air Magic      | 1 3 4 5 6 |  6.8
Summonings     | 2 4 5 6 |  6.5
Shields        | 1 2 |  2.8
Invocations    | 2 4 6 7 |  7.0
Alchemy        | |  0.9
Evocations     | |  0.4

Action                     |  1- 3 |  4- 6 |  7- 9 | 10-12 | 13-15 || total
---------------------------+-------+-------+-------+-------+-------++-------
  Melee: Unarmed           |     8 |       |       |       |       ||     8
         Short sword       |    48 |    26 |       |       |       ||    74
         Tailslap          |     4 |     3 |       |       |       ||     7
         Punch             |     1 |     1 |       |       |       ||     2
   Fire: Shortbow          |       |    47 |   170 |   446 |   636 ||  1299
   Cast: Freeze            |    18 |     1 |       |       |       ||    19
         Frozen Ramparts   |     2 |       |    13 |    43 |    60 ||   118
         Ozocubu's Armour  |       |       |    11 |    30 |    63 ||   104
         Summon Lightning  |       |       |       |     2 |    53 ||    55
         Freezing Cloud    |       |       |       |     2 |    28 ||    30
         Mephitic Cloud    |       |       |       |       |     9 ||     9
         Mercury Vapours   |       |       |       |       |     1 ||     1
 Invoke: Elemental Force   |       |       |       |       |     2 ||     2
  Evoke: Wand              |       |       |       |       |     1 ||     1
    Use: Scroll            |       |       |     7 |     5 |    10 ||    22
         Potion            |       |       |       |     6 |     9 ||    15
   Stab: Sleeping          |     4 |     4 |       |       |       ||     8
 Armour: Robe              |    25 |    12 |    19 |   147 |   250 ||   453
  Dodge: Dodged            |    46 |    19 |    25 |   170 |   251 ||   511
         Repelled          |       |       |       |     1 |     3 ||     4
  Block: Other             |       |     3 |     5 |    84 |   196 ||   288
